[Event "2. Itzehoer Schach Open"]
[Site "Itzehoe, Germany"]
[Date "2023.04.29"]
[Round "1.30"]
[White "Bartels, Jens"]
[Black "Eitel, Luc"]
[Result "1/2-1/2"]
[TimeControl "90 min / 40 Züge + 30 min + 30 Sek pro Zug"]
[WhiteElo "1589"]
[BlackElo "1383"]

1. Nf3 e6 2. c4 Nf6 3. d4 d5 4. Nc3 Be7 5. Bf4 c6 6. e3 O-O 7. cxd5 exd5 8. Qc2 Re8 9. Bd3 Nbd7 10.
Ng5 Nf8 11. O-O Bd6 12. Bxd6 Qxd6 13. Bf5 h6 14. Nf3 Bxf5 15. Qxf5 Ng6 16. h3 Ne4 17. Nxe4 Rxe4 18. Nd2 Re6 19.
a3 Rae8 20. b4 Ne7 21. Qf3 Rf6 22. Qe2 Nf5 23. Nf3 Re4 24. Qd3 Nh4 25. Ne5 Ng6 26. f4 Qe7 27. Rac1 Nxe5 28. dxe5 Rg6 29.
Rf3 f6 30. exf6 Rxf6 31. Rc3 1/2-1/2

[Event "2. Itzehoer Schach Open"]
[Site "Itzehoe, Germany"]
[Date "2023.04.29"]
[Round "1.11"]
[White "Hansen, Fridolin"]
[Black "Kitschke, Heiko"]
[Result "0-1"]
[TimeControl "90 min / 40 Züge + 30 min + 30 Sek pro Zug"]
[WhiteElo "1764"]
[BlackElo "2027"]

1. e4 c5 2. Nc3 Nc6 3. g3 g6 4. Bg2 Bg7 5. Nge2 e6 6. d3 Nge7 7. Be3 Nd4 8. O-O O-O 9. Rb1 d6 10.
Qd2 Re8 11. b4 Nxe2+ 12. Nxe2 cxb4 13. Rxb4 Nc6 14. Rb3 Qc7 15. c4 Bd7 16. Rc1 b6 17. Rbb1 Rac8 18. d4 Rb8 19. c5 bxc5 20.
dxc5 dxc5 21. Bxc5 Rxb1 22. Rxb1 Bc8 23. Qe3 Qa5 24. a3 Ba6 25. Bf1 Ne5 26. Bb4 Qc7 27. Rc1 Qd7 28. Nf4 Bxf1 29.
Kxf1 Ng4 30. Qe2 e5 31. Nd5 Nxh2+ 32. Kg2 Ng4 33. Rc7 Qe6 34. Qb5 a6 35. Qa4 Kh8 36. Re7 Rxe7 37. Nxe7 Nf6 38.
Qa5 h6 39. Qd8+ Kh7 40. Qa8 Qc4 41. Kg1 Qd4 42. Qxa6 Nxe4 43. Qe2 Nxg3 44. Qf3 Nh5 45. Qxf7 Qg4+ 46. Kh1 Nf6 47. Bc5 h5 48.
a4 Qd1+ 49. Kg2 Qxa4 50. Qxg6+ Kh8 51. Nf5 Qg4+ 52. Qxg4 Nxg4 53. Nxg7 Kxg7 54. Kg3 Kg6 55. Kh4 Nh6 56. Bb6 Nf5+ 57.
Kh3 Kg5 58. Bd8+ Kf4 59. Bc7 Ke4 60. Kg2 Nd4 61. Kg3 Nf5+ 62. Kg2 Kd5 63. Kf3 Nd6 64. Kg3 Ne4+ 65. Kh4 Nf6 66. Kg3 Kd4 67.
Kf3 e4+ 68. Ke2 Nd5 69. Bg3 Ne7 70. f4 Nf5 71. Bh2 e3 0-1

[Event "2. Itzehoer Schach Open"]
[Site "Itzehoe, Germany"]
[Date "2023.04.29"]
[Round "1.21"]
[White "Thomsen, Flemming"]
[Black "Schiller, Thomas"]
[Result "1/2-1/2"]
[TimeControl "90 min / 40 Züge + 30 min + 30 Sek pro Zug"]
[WhiteElo "1517"]
[BlackElo "1678"]

1. d4 d5 2. Nf3 Nc6 3. e3 Bg4 4. Nbd2 e6 5. c3 Nf6 6. Bd3 e5 7. dxe5 Nxe5 8. Qa4+ Bd7 9. Bb5 Nd3+ 10.
Ke2 Nxc1+ 11. Raxc1 c6 12. Bd3 Bd6 13. h3 O-O 14. g4 c5 15. Qc2 g6 16. Qb1 Re8 17. Rcg1 Bc6 18. Kd1 Ne4 19.
Bxe4 dxe4 20. Nh2 Qf6 21. Rf1 Rad8 22. Kc1 Rd7 23. Qc2 Red8 24. Nxe4 Bxe4 25. Qxe4 Bxh2 26. Rxh2 Qd6 27. Rhh1 Qa6 28.
a3 Qe2 29. Re1 Qd2+ 30. Kb1 Qxf2 31. Ref1 1/2-1/2

[Event "2. Itzehoer Schach Open"]
[Site "Itzehoe, Germany"]
[Date "2023.04.29"]
[Round "1.18"]
[White "Kosanke, Stefan"]
[Black "Hielscher, Ursula"]
[Result "0-1"]
[TimeControl "90 min / 40 Züge + 30 min + 30 Sek pro Zug"]
[WhiteElo "1933"]
[BlackElo "1702"]

1. d4 d5 2. Nf3 Nf6 3. g3 g6 4. Bg2 Bg7 5. c4 c6 6. O-O O-O 7. Nc3 dxc4 8. a4 Na6 9. Ne5 Nc7 10.
Nxc4 Be6 11. Ne5 Nfd5 12. Nf3 h6 13. e4 Nxc3 14. bxc3 Qc8 15. Rb1 Rb8 16. Ba3 Re8 17. Re1 Bg4 18.
Qd2 Qd7 19. Qf4 Bxf3 20. Qxf3 e5 21. Red1 exd4 22. cxd4 Ne6 23. d5 cxd5 24. exd5 Nd4 25. Qd3 Ne2+ 26. Kf1 Nc3 27. Rbc1 Nxd1 28.
Qxd1 b5 29. axb5 Qxb5+ 30. Kg1 Qb3 31. Bc5 a5 32. Qd2 a4 33. d6 Rbd8 34. Bd5 Qb5 35. Qf4 Rd7 36. Ba3 Qxd5 37. Qxa4 Red8 38.
Re1 Be5 39. Rd1 Qe6 40. Re1 Qf6 41. Qc2 Bxd6 42. Bb2 Qf5 43. Qc3 f6 44. Re3 Be5 45. Qb3+ Kg7 46. Bxe5 fxe5 0-1

[Event "2. Itzehoer Schach Open"]
[Site "Itzehoe, Germany"]
[Date "2023.04.29"]
[Round "1.28"]
[White "Wusterack, Paul"]
[Black "Frahm, Ben Jonas"]
[Result "1-0"]
[TimeControl "90 min / 40 Züge + 30 min + 30 Sek pro Zug"]
[WhiteElo "1647"]
[BlackElo "1406"]

1. e4 e5 2. Nf3 Nf6 3. Nc3 Nc6 4. Be2 d5 5. exd5 Nxd5 6. Nxd5 Qxd5 7. d3 Bd6 8. Be3 b6 9. c3 Bc5 10.
Bxc5 Qxc5 11. O-O Bb7 12. Qb3 O-O 13. Rad1 Rad8 14. Rfe1 h6 15. Nd2 Qd6 16. Nc4 Qg6 17. Bf1 Rfe8 18.
Re3 Re6 19. Rde1 Rde8 20. Rg3 Qh7 21. Qc2 Rg6 22. d4 Rxg3 23. Qxh7+ Kxh7 24. hxg3 e4 25. f3 Nd8 26. Bd3 b5 27.
Nd2 a6 28. fxe4 f5 29. Re2 fxe4 30. Bxe4+ Bxe4 31. Rxe4 Rf8 32. Re7 Rf7 33. Rxf7 Nxf7 34. Ne4 Nd6 35. Nd2 Kg6 36. Kf2 Kf5 37.
Kf3 g5 38. g4+ Ke6 39. Ne4 Nc4 40. b3 Nb6 41. Nc5+ Kd6 42. Nxa6 Nd5 43. c4 Nc3 44. Nc5 bxc4 45. Ne4+ Nxe4 46.
Kxe4 cxb3 47. axb3 Ke6 48. d5+ Kd6 49. Kd4 Ke7 50. Kc5 Kf6 51. d6 cxd6+ 52. Kxd6 Kg6 53. b4 h5 54. gxh5 Kxh5 55.
b5 Kh4 56. b6 Kg3 57. Ke5 g4 58. Kf5 1-0

[Event "2. Itzehoer Schach Open"]
[Site "Itzehoe, Germany"]
[Date "2023.04.29"]
[Round "1.29"]
[White "Marx, Jakob"]
[Black "Wohlrabe, Joerg"]
[Result "0-1"]
[TimeControl "90 min / 40 Züge + 30 min + 30 Sek pro Zug"]
[WhiteElo "1398"]
[BlackElo "1635"]

1. e4 e6 2. d4 b6 3. Be3 Bb7 4. Nd2 Be7 5. Bd3 Nf6 6. Ngf3 O-O 7. O-O d6 8. c3 c5 9. Qc2 h6 10.
Rfe1 Nc6 11. Nf1 cxd4 12. cxd4 Rc8 13. Qd2 Ng4 14. Bf4 e5 15. dxe5 dxe5 16. Bg3 Bb4 17. Qe2 Bxe1 18. Nxe1 Nf6 19.
Rd1 Qe7 20. Bh4 Nb4 21. Ne3 Nxd3 22. Qxd3 Qe6 23. Qa3 Nxe4 24. f3 Nc5 25. Nc4 Qxc4 26. Bf2 Ba6 27. Nc2 Qxc2 28. Ra1 Rfd8 29.
Bxc5 Rd1+ 30. Rxd1 Qxd1+ 31. Kf2 Qe2+ 32. Kg3 Rxc5 33. Qa4 Qe1+ 34. Kh3 Bc8+ 35. g4 g5 36. b4 Rc3 37. Kg2 Qe2+ 38.
Kg1 Rc1+ 39. Qd1 Rxd1# 0-1

[Event "2. Itzehoer Schach Open"]
[Site "Itzehoe, Germany"]
[Date "2023.04.29"]
[Round "1.15"]
[White "Ackermann, Hans-Christian"]
[Black "Neuendorf, Max"]
[Result "0-1"]
[TimeControl "90 min / 40 Züge + 30 min + 30 Sek pro Zug"]
[WhiteElo "1722"]
[BlackElo "2000"]

1. e4 c5 2. f4 Nc6 3. Nf3 e6 4. Bc4 d5 5. exd5 exd5 6. Be2 Nf6 7. O-O d4 8. d3 Bd6 9.
Na3 O-O 10. Nc4 Bc7 11. Nce5 Re8 12. Nxc6 bxc6 13. c3 dxc3 14. bxc3 Nd5 15. Bd2 Bxf4 16. c4 Bxd2 17. Qxd2 Ne3 18. Rfe1 Nf5 19. Bf1 Be6 20. Qc3 Nd4 21. Ne5 Qd6 22. Re3 f6 23. Nf3 Nxf3+ 24. Rxf3 Qd4+ 25. Qxd4 cxd4 26.
Rf4 c5 27. Be2 Rab8 28. Bf3 Rb2 29. Bc6 Reb8 30. h3 Rd2 31. Rf3 Rbb2 32. Rg3 Rxa2 33. Rf1 Kf7 34. Be4 g6 35. Rg5 f5 36. h4 Ke7 37. Bd5 Bxd5 38. cxd5 Rxd3 39. Kh2 Re3 40. Rg3 Rxg3 41. Kxg3 Kd6 42. h5 Re2 43. hxg6 hxg6 44. Ra1 Kxd5 45. Rxa7 Re6 46. Kf4 d3 47. Ra2 c4 48. g4 fxg4 49. Kxg4 c3 0-1

[Event "2. Itzehoer Schach Open"]
[Site "Itzehoe, Germany"]
[Date "2023.04.29"]
[Round "1.33"]
[White "Oblender, Rudi"]
[Black "Steiner, Peter Markus"]
[Result "1/2-1/2"]
[TimeControl "90 min / 40 Züge + 30 min + 30 Sek pro Zug"]
[WhiteElo "1391"]
[BlackElo "1603"]

1. e4 e6 2. Nc3 d5 3. exd5 exd5 4. d4 Nf6 5. Nf3 Be7 6. Bd3 Bg4 7. h3 Bh5 8. g4 Bg6 9. Be3 Nbd7 10.
Bxg6 hxg6 11. Qd3 c6 12. O-O-O Qc7 13. Rde1 O-O-O 14. Ne5 Nxe5 15. dxe5 Nd7 16. Bxa7 b6 17. Qa6+ Qb7 18. Qxb7+ Kxb7 19. e6 fxe6 20. Rxe6 Bg5+ 21. Kd1 Bf6 22. Bxb6 Kxb6 23. Nxd5+ Kc5 24. Nxf6 Nf8+ 25. Ke2 Nxe6 26. Ne4+ Kb6 27. Ke3 Ra8 28. a3 Nc5 29. Nd6 Kc7 30.
Nc4 Rae8+ 31. Kd4 Ne6+ 32. Ke4 Ng5+ 33. Kf4 Re4+ 34. Kxg5 Rxc4 35. c3 Re4 36. Kxg6 Rxg4+ 37. hxg4 Rxh1 38.
f4 Rg1 39. g5 Rg4 40. f5 1/2-1/2

[ePGN "0.1;DGT LiveChess/2.2.5"]

[Event "2. Itzehoer Schach Open"]
[Site "Itzehoe, Germany"]
[Date "2023.04.29"]
[Round "1.42"]
[White "Lieb, Max"]
[Black "Greiner, Jan Oluf"]
[Result "1-0"]
[TimeControl "90 min für 40 Züge, Rest 30 min + 30 Sek pro Zug"]
[WhiteElo "1333"]
[BlackElo "960"]

1. e4 e5 2. Nc3 Nc6 3. Bc4 Bc5 4. Qg4 Qf6 5. Nd5 Qxf2+ 6. Kd1 Kf8 7. Nh3 h5 8. Qg5 f6 9. Qg6 Qh4 10.
Ne3 Nd8 11. Qxg7+ Kxg7 12. Nf5+ Kf8 13. Nxh4 Ke8 14. Rf1 Ne6 15. d3 Rh7 16. Ng1 d6 17. Ne2 a6 18. a3 Bd7 19. Nc3 c6 20.
Nf5 a5 21. Na4 Rb8 22. Nxc5 dxc5 23. Ba2 Kd8 24. Be3 b6 25. Kd2 Kc7 26. c3 Rf8 27. b4 cxb4 28. axb4 a4 29. Bxe6 Bxe6 30.
Rxa4 Rb8 31. Rfa1 Bxf5 32. exf5 Ne7 33. Ra7+ Rb7 34. R1a6 Nc8 35. Rxb7+ Kxb7 36. Ra1 Nd6 37. Rf1 h4 38.
c4 Rd7 39. Kc3 b5 40. c5 Ne8 41. d4 exd4+ 42. Bxd4 Rg7 43. Rf2 Kc8 44. Kd3 Kd7 45. Ke4 Ke7 46. Kf3 Nc7 47. g4 hxg3 48. hxg3 Rg5 49. g4 Nd5 50. Rb2 Rg8 51. Be3 Ra8 52.
Re2 Ra3 53. Kf2 Nxe3 54. Rxe3+ Rxe3 55. Kxe3 Kf7 56. Kf4 Kg7 57. g5 fxg5+ 58. Kxg5 Kf7 59. Kf4 Kf6 60. Ke4 Ke7 61. Ke5 Kd7 62.
Kf6 Ke8 63. Kg7 Ke7 64. f6+ Ke6 65. f7 Kd5 66. f8=Q Kc4 67. Qd6 Kxb4 68. Qxc6 Kc3 69. Qxb5 Kd4 70. c6 Ke4 71. c7 Kf3 72.
c8=Q Kg2 73. Qg4+ Kf2 74. Qbe2# 1-0

[Event "2. Itzehoer Schach Open"]
[Site "Itzehoe, Germany"]
[Date "2023.04.29"]
[Round "1.40"]
[White "Tobis, Julius"]
[Black "Kaehler, Marvin"]
[Result "1-0"]
[TimeControl "90 min für 40 Züge, Rest 30 min + 30 Sek pro Zug"]
[WhiteElo "1334"]
[BlackElo "1015"]

1. e4 e6 2. d4 g6 3. Nf3 Bg7 4.
Nc3 b6 5. Ne2 Bb7 6. Ng3 d6 7. Bb5+ Nd7 8. O-O Qe7 9. a4 Ngf6 10. e5 dxe5 11. Nxe5 O-O-O 12. Nc6 Bxc6 13. Bxc6 e5 14.
Qf3 exd4 15. Bf4 Qc5 16. Bb5 Ne5 17. Qa8# 1-0

[Event "2. Itzehoer Schach Open"]
[Site "Itzehoe, Germany"]
[Date "2023.04.29"]
[Round "1.43"]
[White "Knudsen, Frank"]
[Black "Haertel, Leon"]
[Result "0-1"]
[TimeControl "90 min für 40 Züge, Rest 30 min + 30 Sek pro Zug"]
[WhiteElo "940"]
[BlackElo "1323"]

1. e4 c5 2. c4 Nc6 3. d3 g6 4. a3 Bg7 5. Nf3 d6 6. Be2 Nf6 7. O-O O-O 8. Bd2 Bd7 9. Qc1 Re8 10.
Bh6 Bh8 11. h3 Qb6 12. Ra2 Be6 13. Ng5 Nd4 14. Nxe6 Nxe2+ 15. Kh1 Nxc1 16. Rxc1 fxe6 17. Re1 Nd7 18. b4 cxb4 19. axb4 Qxb4 20.
Rd1 Nc5 21. Be3 Nxd3 22. Kh2 Be5+ 23. g3 Qxc4 24. Rdd2 Qxe4 25. Rxa7 Ne1 26. f3 Nxf3+ 27. Kg2 Nxd2+ 28. Kf2 Qf3+ 29.
Ke1 Qxe3+ 30. Kd1 Nxb1 31. Kc2 Qc3+ 32. Kxb1 Qb2# 0-1

[Event "2. Itzehoer Schach Open"]
[Site "Itzehoe, Germany"]
[Date "2023.04.29"]
[Round "1.37"]
[White "Moeller, Patrick"]
[Black "Stehle, Fabian"]
[Result "0-1"]
[TimeControl "90 min für 40 Züge, Rest 30 min + 30 Sek pro Zug"]
[WhiteElo "1343"]
[BlackElo "1569"]

1. c4 Nf6 2. Nc3 e6 3. g3 d5 4. e3 c5 5. Nf3 Nc6 6. d3 Be7 7. Bg2 dxc4 8. dxc4 Qxd1+ 9. Nxd1 O-O 10.
O-O Bd7 11. Nc3 Rfd8 12. b3 Be8 13. Bb2 Rd7 14. Ne2 Rad8 15. Nf4 Nb4 16. Ne5 Rd2 17. Bc3 Rc2 18. Bxb4 cxb4 19. Rfc1 Rxc1+ 20. Rxc1 Nd7 21. Ned3 b6 22. h4 a5 23. Ne2 Nc5 24. Nxc5 Bxc5 25. Nd4 Bxd4 26. exd4 Rxd4 27. c5 bxc5 28.
Rxc5 Rd1+ 29. Kh2 f6 30. Rxa5 Rd2 31. Kg1 Kf7 32. Ra7+ Kg6 33. g4 Rd4 34. h5+ Kh6 35. Bf3 e5 36.
Re7 Bd7 37. g5+ fxg5 38. Rxe5 Bg4 39. Re4 Rxe4 40. Bxe4 Bxh5 41. Kh2 Bg6 42. Bd5 Bb1 43. Kg3 Kg6 44. f4 Kf5 45. fxg5 Kxg5 46.
Bg8 h5 47. Kh3 Bxa2 48. Kg3 h4+ 49. Kh3 g6 50. Bd5 Bb1 51. Bc4 Bf5+ 52. Kh2 Kf4 53. Kg2 g5 54. Kf2 g4 55. Kg1 g3 56.
Kg2 h3+ 0-1

[Event "2. Itzehoer Schach Open"]
[Site "Itzehoe, Germany"]
[Date "2023.04.29"]
[Round "1.39"]
[White "Eichmann, Phillip"]
[Black "Drozd, Maciej"]
[Result "0-1"]
[TimeControl "90 min für 40 Züge, Rest 30 min + 30 Sek pro Zug"]
[WhiteElo "1052"]
[BlackElo "1334"]

1. e4 c5 2. Nf3 d6 3. Nc3 Nf6 4.
Bc4 Nc6 5. Ng5 Ne5 6. Bb3 h6 7. Nf3 Bg4 8. Ba4+ Bd7 9. Bb3 e6 10. d3 Be7 11. Bf4 Ng6 12. Bg3 O-O 13. Qd2 b5 14.
a3 a5 15. O-O Qb6 16. Ne2 a4 17. Ba2 b4 18. d4 Nxe4 19. Qd3 Nxg3 20. dxc5 Nxe2+ 21. Qxe2 dxc5 22. Bc4 Bf6 23. Rad1 Rfd8 24.
Rb1 Ra5 25. Qe3 Qb7 26. Rfd1 Bc6 27. Be2 Rxd1+ 28. Rxd1 Bxb2 29. Qd2 Ra8 30. Qd6 bxa3 31. Bc4 Rc8 32. Qd3 Qc7 33. Ba2 Bd5 34.
Bxd5 exd5 35. Qxd5 c4 36. Rb1 Rd8 37. Qb5 a2 38. Qxb2 axb1=Q+ 39. Qxb1 Qd6 40. Qe1 Qd1 41. Kf1 a3 42. Qxd1 Rxd1+ 43. Ke2 a2 44. Kxd1 a1=Q+ 45. Kd2 c3+ 46. Ke3 Qb2 47. Nd4 Nh4 48. g3 Ng2+ 49.
Ke2 Qb6 50. Nb3 Qe6+ 51. Kf1 Qxb3 52. cxb3 c2 53. Kxg2 c1=Q 54. b4 Qb2 55. Kf1 Qxb4 56. Kg2 Kf8 57. Kg1 Ke7 58. Kg2 Kf6 59.
Kg1 Kf5 60. Kg2 Qe4+ 61. Kf1 Kg4 62. Kg1 Kh3 63. Kf1 Kxh2 64. g4 Qxg4 65. Ke1 Qd4 66. Kf1 Qd1# 0-1

[Event "2. Itzehoer Schach Open"]
[Site "Itzehoe, Germany"]
[Date "2023.04.29"]
[Round "1.45"]
[White "Schartl, Richard"]
[Black "Tran, Hanna Emilie Mai Hoa"]
[Result "0-1"]
[TimeControl "90 min für 40 Züge, Rest 30 min + 30 Sek pro Zug"]
[WhiteElo "849"]
[BlackElo "1250"]

1. e4 d6 2. d4 Nd7 3. Nf3 Ngf6 4. Nc3 e5 5. d5 Be7 6.
Bd3 O-O 7. O-O h6 8. Be3 c6 9. a3 a5 10. Qd2 Ng4 11. h3 Nxe3 12. Qxe3 Qb6 13. Qxb6 Nxb6 14. a4 Nd7 15. b3 Nf6 16. Ne2 cxd5 17. exd5 e4 18. Bxe4 Nxe4 19. Ned4 Bf6 20.
Rfe1 Nc5 21. c3 Bxd4 22. Nxd4 Bd7 23. Re7 Rfe8 24. Rae1 Rxe7 25. Rxe7 Re8 26. Rxe8+ Bxe8 27. b4 axb4 28. cxb4 Nxa4 29. b5 Nc3 30. Nf5 Nxb5 31. Ne7+ Kf8 32. Nc8 f6 33. g4 h5 34. f4 hxg4 35. hxg4 Bd7 36. Nb6 Bxg4 37. Kf2 Nd4 38. Ke3 Nf5+ 39. Ke4 Ne7 40. Nd7+ Bxd7 41. f5 Bxf5+ 42. Kf4 b5 43. Ke3 Nxd5+ 44. Kd4 b4 45. Kc4 g5 46. Kd4 b3 47. Kxd5 b2 48. Kc6 b1=Q 49. Kc7 Qc2+ 50. Kd8 Qc8# 0-1

[Event "2. Itzehoer Schach Open"]
[Site "Itzehoe, Germany"]
[Date "2023.04.29"]
[Round "1.38"]
[White "Marzik, Arne"]
[Black "Hock, Reiner"]
[Result "1-0"]
[TimeControl "90 min für 40 Züge, Rest 30 min + 30 Sek pro Zug"]
[WhiteElo "1545"]
[BlackElo "1338"]

1. d4 Nf6 2. Nf3 d5 3. g3 e6 4. c4 c5 5. cxd5 Nxd5 6. Bg2 Be7 7. dxc5 Qa5+ 8. Bd2 Qxc5 9. O-O Qb6 10.
Qc2 O-O 11. Ng5 Nf6 12. Nc3 h6 13. Nge4 Nbd7 14. Rac1 Nxe4 15. Nxe4 f5 16. Nc3 Rb8 17. Bf4 e5 18. Nd5 Qd8 19.
Nxe7+ Qxe7 20. Bd2 Nb6 21. a3 Qe6 22. Bc3 Bd7 23. Qd3 Rfd8 24. Qe3 Nd5 25. Qxe5 Nxc3 26. Qxe6+ Bxe6 27. Rxc3 Bd5 28. Rfc1 Bc6 29. Bxc6 bxc6 30.
b4 Rd2 31. e3 Rbd8 32. Rxc6 Ra2 33. Rc8 Rxc8 34. Rxc8+ Kh7 35. Rc3 a6 36. Kg2 h5 37. Rc5 g6 38. Ra5 Kh6 39. Rxa6 Rb2 40. h4 Rb3 41. Ra5 Kg7 42.
b5 Kf7 43. a4 Rb4 44. Ra6 Ke7 45. b6 Kd7 46. a5 Kc6 47. Ra7 Rb5 48. Kf3 Rb4 49. b7 Rxb7 50. Rxb7 Kxb7 51. Kf4 Ka6 52.
Kg5 Kxa5 53. Kxg6 1-0

[Event "2. Itzehoer Schach Open"]
[Site "Itzehoe, Germany"]
[Date "2023.04.29"]
[Round "1.41"]
[White "Prigandt, Junis"]
[Black "Lueders Vega, Iago Ernst"]
[Result "0-1"]
[TimeControl "90 min für 40 Züge, Rest 30 min + 30 Sek pro Zug"]
[WhiteElo "995"]
[BlackElo "1333"]

1. e4 e5 2. Nf3 Nc6 3. Bc4 Bc5 4.
d3 d6 5.
Ng5 Nh6 6. O-O Bg4 7. Bxf7+ Ke7 8. Qd2 Nxf7 9. h3 Bd7 10. Nc3 Nxg5 11. Qxg5+ Kf7 12. Qh5+ g6 13. Qf3+ Qf6 14. Qxf6+ Kxf6 15.
Nd5+ Kf7 16. Nxc7 Rac8 17. Nb5 a6 18. Nc3 Nd4 19. Bg5 Nxc2 20. Rac1 Nd4 21. Rfe1 Rhf8 22. Na4 Bxa4 23. b3 Bb5 24. Rc3 Bb4 25. Rxc8 Rxc8 26. Rd1 Rc2 27. a4 Bd7 28. Kf1 Nxb3 29.
g4 Bc5 30. Bh4 Rc1 31. Rxc1 Nxc1 0-1

[Event "2. Itzehoer Schach Open"]
[Site "Itzehoe, Germany"]
[Date "2023.04.29"]
[Round "1.46"]
[White "Lorenzen, Lars"]
[Black "Greiner, Andre"]
[Result "1-0"]
[TimeControl "90 min für 40 Züge, Rest 30 min + 30 Sek pro Zug"]
[WhiteElo "1218"]
[BlackElo "796"]

1. Nf3 d5 2. c4 d4 3. b4 Bf5 4. Bb2 d3 5. exd3 e6 6. Nd4 Bxb4 7. Qa4+ Nc6 8. Nxc6 Bxd2+ 9. Kxd2 bxc6 10.
Qxc6+ Kf8 11. Qf3 Rb8 12. Ba3+ Ne7 13. Nc3 g6 14. Be2 Kg7 15. Nb5 Nc6 16. Qxc6 Qg5+ 17. Kc2 Rhd8 18. Bb2+ Kh6 19. Bc1 Bxd3+ 20. Bxd3 Qxc1+ 21. Raxc1 e5 22. Qxc7 Rbc8 23.
Qxe5 Rd7 24. g4 g5 25. Qf6# 1-0

[Event "2. Itzehoer Schach Open"]
[Site "Itzehoe, Germany"]
[Date "2023.04.29"]
[Round "1.47"]
[White "Steinbach, Aaron"]
[Black "Roebers, Bregje"]
[Result "1-0"]
[TimeControl "90 min für 40 Züge, Rest 30 min + 30 Sek pro Zug"]
[WhiteElo "787"]
[BlackElo "1162"]

1. d4 g6 2. e4 Bg7 3. Nc3 d6 4.
f4 e5 5.
Nf3 exd4 6. Nxd4 Nc6 7. Bb5 Bd7 8. Nxc6 bxc6 9. Bd3 Ne7 10. Bd2 O-O 11. O-O f5 12. Qf3 fxe4 13. Nxe4 d5 14.
Ng5 h6 15. Nh3 Bf5 16. Bb4 Rf7 17. Rad1 Kh7 18. c4 Bd4+ 19. Kh1 c5 20. Bxf5 Rxf5 21. Qa3 Qd6 22. Rxd4 cxb4 23. Qe3 c5 24.
Rdd1 d4 25. Qe4 Rb8 26. Rfe1 Nc6 27. g4 Rf7 28. Re3 Na5 29. b3 Qc6 30. Qxc6 Nxc6 31. Re6 Rc8 32. Kg2 Rcc7 33. Kf2 Nd8 34.
Re5 Rfe7 35. Ng1 Nf7 36. Re2 Kg7 37. h4 Nd6 38. Kf3 Kf7 39. Nh3 Rxe2 40. Kxe2 Ne4 41. Kd3 Nc3 42. Ra1 Re7 43.
Ng1 Re3+ 44. Kd2 Rg3 45. g5 hxg5 46. fxg5 Rg2+ 47. Kd3 Kg7 48. a3 Ra2 49. Rxa2 Nxa2 50. axb4 Nxb4+ 51. Ke4 Kf7 52.
Ke5 Na2 53. Kd5 Nc1 54. Kxc5 d3 55. Nf3 Nxb3+ 56. Kd5 a5 57. c5 Nxc5 58. Kxc5 Ke6 59. Kd4 Kf5 60. Kxd3 Kg4 61. Kc3 Kf4 1-0

[Event "2. Itzehoer Schach Open"]
[Site "Itzehoe, Germany"]
[Date "2023.04.29"]
[Round "1.44"]
[White "Bruehl, Rainer"]
[Black "Hieke, Andrea"]
[Result "1-0"]
[TimeControl "90 min für 40 Züge, Rest 30 min + 30 Sek pro Zug"]
[WhiteElo "1269"]
[BlackElo "912"]

1. d4 d5 2. c4 c6 3. Nf3 Nf6 4. Nc3 Bf5 5. e3 e6 6. Be2 Bb4 7. a3 Ba5 8. b4 Bc7 9. cxd5 cxd5 10.
Ne5 O-O 11. Bf3 Ne4 12. Nxe4 dxe4 13. Bg4 Nc6 14. Nxc6 bxc6 15. O-O a5 16. Rb1 Qd6 17. g3 Rfb8 18. Bd2 e5 19. Bxf5 exd4 20.
Bxe4 dxe3 21. Bxe3 axb4 22. Qxd6 Bxd6 23. axb4 Bxb4 24. Bxc6 Ra6 25. Bf4 Rbb6 26. Bd5 Bd6 27. Bxd6 Rxb1 28.
Rxb1 1-0